Unix NetHack Version 5.0.0-0 post-release - last build May 17 2026 04:57:42 (dc50c8380fa5e20985bfe3072449f57b8d9895ef,branch:main).

Game began 2026-05-21 00:51:35, ended 2026-05-21 01:04:41.

DaveT, lawful male human Priest

  -------     -----
  |.....|     |...|
  |......#    |...|         ------
  |.....|#    |....##      #-....|    ---------#
  -----|-#    |...| #####  #|..[.|#  #........-####    --------
       ####   |....     ####|.....####|.......|########...<...|
         #### --|--#      ` |....|### |.......|      # |......|
         #  #######`        ------### |.......|      ##|......|
         #  #####  #            ####  |.......|        ----.---
        ##  #                 #####   |.......|            #
        #                     ###     ---------
      ###                   ###
      #----.------  ###------##
      #|.........|  ###..>..|##          ######o$            ---
      #...........#### |....|#      #########   #            ..|
       |.........|#    |.....#########          lo    .........|
       |...`......#    ------        ##                      ..+
       |.........|                                             |
       -----------

DaveT the Acolyte            St:12 Dx:10 Co:13 In:12 Wi:18 Ch:9  Lawful
Dlvl:5  $:0  HP:0(35) Pw:28(41) AC:5  Xp:4 T:2002  Weak     Burdened

Latest messages:
 The leprechaun hits!
 The hill orc just misses!
 You miss the leprechaun.
 The leprechaun hits!
 You miss the leprechaun.
 The leprechaun hits!
 The hill orc hits!
 You miss the hill orc.
 The leprechaun hits!
 The leprechaun hits!
 The hill orc hits!
 You miss the hill orc.
 The leprechaun hits!
 The hill orc hits!
 You hit the hill orc!
 The leprechaun hits!
 In what direction? .
 You feel better.
 The leprechaun hits!
 The hill orc hits!
 The leprechaun hits!
 The leprechaun hits!
 You miss the hill orc.
 The leprechaun hits!
 The hill orc misses!
 The hill orc hits!
 You miss the hill orc.
 You hit the hill orc.
 The leprechaun just misses!
 The hill orc misses!
 The hill orc hits!
 The leprechaun hits!
 In what direction? .
 You feel better.
 The leprechaun hits!
 The hill orc hits!
 You hit the hill orc!
 The leprechaun hits!
 The hill orc misses!
 The hill orc hits!
 What do you want to zap? [v or ?*] ?
 In what direction? .
 Gee!  All of a sudden, you can't see yourself.
 The leprechaun hits!
 The hill orc misses!
 The hill orc hits!
 The leprechaun hits!
 You die...
 Do you want your possessions identified? [ynq] (y) y
 Do you want to see your attributes? [ynq] (y) q

Inventory:
 Weapons  (')')
  O - 5 +0 crossbow bolts (in quiver pouch)
  j - a blessed +1 orcish dagger
  a - a blessed +1 mace (weapon in right hand)
 Armor    ('[')
  c - a +0 small shield (being worn)
  b - a +0 robe (being worn)
  u - a blessed +0 leather armor (being worn)
 Comestibles  ('%')
  e - a clove of garlic
  C - a food ration
  w - a cursed food ration
 Scrolls  ('?')
  N - a scroll of confuse monster
  n - 2 cursed scrolls of confuse monster
  J - a cursed scroll of enchant armor
  H - a scroll of identify
  I - a scroll of teleportation
 Spellbooks  ('+')
  h - a spellbook of clairvoyance
  o - a spellbook of healing
  g - a spellbook of protection
 Potions  ('!')
  t - a blessed potion of oil
  d - 4 potions of holy water
  z - 2 potions of water
  s - a potion of unholy water
 Wands    ('/')
  v - a blessed wand of make invisible (0:6)
 Tools    ('(')
  x - a cursed bag of holding containing 1 item
  A - a cursed bag of tricks (0:14)
  i - an oil lamp
 Gems/Stones  ('*')
  D - a jade stone
  L - 2 worthless pieces of orange glass
  k - a worthless piece of violet glass
  M - a flint stone

Contents of the bag of holding:
  a jet stone

DaveT the Priest's attributes:

Background:
 You were an Acolyte, a level 4 human Priest.
 You were lawful, on a mission for Mitra
 who was opposed by Crom (neutral) and Set (chaotic).
 You were right-handed.
 You were in the Dungeons of Doom, on level 5.
 You entered the dungeon 2002 turns ago.
 It was nighttime.
 You had 159 experience points, 1 more was needed to attain level 5.

Basics:
 You had 0 out of 35 hit points.
 You had 28 out of 41 energy points (spell power).
 Your armor class was 5.
 Your wallet was empty.
 Autopickup was off.

Final Characteristics:
 Your strength was 12 (base:13, limit:18/100).
 Your dexterity was 10 (limit:18).
 Your constitution was 13 (limit:18).
 Your intelligence was 12 (limit:18).
 Your wisdom was 18 (limit:18).
 Your charisma was 9 (limit:18).

Final Status:
 You were weak from severe hunger.
 You were burdened; movement was slightly slowed.
 You were wielding a mace.
 You had basic skill with mace.

Final Attributes:
 You were devoutly aligned.
 You were telepathic.
 You were invisible.
 You were guarded.
 Your spell casting was enhanced by wearing a robe.
 You were fast.
 You are dead.

Miscellaneous:
 You didn't encounter any bones levels.
 Total elapsed playing time was 13 minutes and 5 seconds.

Major events:
 Turn
    1: DaveT the lawful human Priest entered the dungeon
  532: attained the rank of Acolyte (level 3)
 2002: killed by a leprechaun

Spells:
 Name                 Level Category     Fail Retention
 protection             1   clerical       0%   81%-90%
 clairvoyance           3   divination    74%  76%-100%
 healing                1   healing        0%  76%-100%

Skills:
 Fighting Skills
   bare handed combat [Unskilled]
 Weapon Skills
   club               [Unskilled]
   mace               [Basic]
   morning star       [Unskilled]
   flail              [Unskilled]
   hammer             [Unskilled]
   quarterstaff       [Unskilled]
   polearms           [Unskilled]
   spear              [Unskilled]
   trident            [Unskilled]
   lance              [Unskilled]
   bow                [Unskilled]
   sling              [Unskilled]
   crossbow           [Unskilled]
   dart               [Unskilled]
   shuriken           [Unskilled]
   boomerang          [Unskilled]
   unicorn horn       [Unskilled]
 Spellcasting Skills
   healing spells     [Unskilled]
   divination spells  [Unskilled]
   clerical spells    [Basic]

Voluntary challenges:
 Character rerolling was not enabled.
 You never genocided any monsters.
 You never polymorphed an object.
 You used no wishes.
Achievements:
 You attained the rank of Acolyte.
 You entered a shop.

 The Dungeons of Doom: levels 1 to 7
    Level 1:
       A fountain.
    Level 2:
    Level 3: "vault"
    Level 4: "vault, door in left center"
       A potion shop, a fountain.
    Level 5: <- You were here.
       Final resting place for
          you, killed by a leprechaun.
    Level 6:
       Many fountains.
       Oracle of Delphi.
    Level 7:


Vanquished creatures:
  a pony
  a little dog
  a floating eye
  a kobold leader
  2 rothes
  a rabid rat
  a wererat
  a werejackal
 an iguana
  a large kobold
  a giant rat
  a red mold
  a gnome zombie
  a gecko
  a jackal
  2 kobolds
  2 goblins
  3 grid bugs
  9 lichens
  6 newts
38 creatures vanquished.

No species were genocided or became extinct.

Game over:
                       ----------
                      /          \
                     /    REST    \
                    /      IN      \
                   /     PEACE      \
                  /                  \
                  |      DaveT       |
                  |       0 Au       |
                  |   killed by a    |
                  |    leprechaun    |
                  |                  |
                  |                  |
                  |       2026       |
                 *|     *  *  *      | *
        _________)/\\_//(\/(/\)/\//\/|_)_______

Goodbye DaveT the Priest...

You died in The Dungeons of Doom on dungeon level 5 with 996 points,
and 0 pieces of gold, after 2002 moves.
You were level 4 with a maximum of 35 hit points when you died.

